 Dungeon Sprint DCSS version 0.21.1-1-g345015f (webtiles) character file.

848 Fang the Cleaver (level 7, -2/76 (78) HPs)
             Began as a Minotaur Berserker on Apr 22, 2018.
             Was a Priest of Trog.
             Slain by a hippogriff (3 damage)
             ... in the Dungeon (Sprint II: "The Violet Keep of Menkaure") on Apr 23, 2018.
             The game lasted 00:01:29 (96 turns).

Fang the Cleaver (Minotaur Berserker)                 Turns: 96, Time: 00:01:29

HP:   -2/76 (78)    AC:  2    Str: 23    XL:     7   Next: 69%
MP:   6/6           EV: 15    Int:  4    God:    Trog [***...]
Gold: 243           SH:  0    Dex: 10    Spells: 6/6 levels left

rFire    . . .     SeeInvis .   a - +0 hand axe
rCold    . . .     Gourm    .   (no shield)
rNeg     . . .     Faith    .   b - +0 animal skin
rPois    .         Spirit   .   (helmet restricted)
rElec    .         Reflect  .   (no cloak)
rCorr    .         Harm     .   (no gloves)
MR       .....     Rnd*Rage +   (no boots) Stlth +.........NoTele +
                                (no amulet)
HPRegen  0.00/turn              (no ring)
MPRegen  0.10/turn              (no ring)

@: berserk cooldown, non-regenerating, diseased, slowed, very slow
A: retaliatory headbutt, horns 2, berserk 1
a: Berserk, Trog's Hand, Burn Spellbooks, Renounce Religion


You were in the Dungeon.
You worshipped Trog.
Trog was most pleased with you.
You were not hungry.

You visited 1 branch You collected 243 gold pieces.

Inventory:

Hand Weapons
 a - a +0 hand axe (weapon)
Armour
 b - a +0 animal skin (worn)
Scrolls
 i - a scroll of blinking
Potions
 d - a potion of curing
 e - a potion of heal wounds
 f - a potion of haste
 g - 2 potions of magic
 h - a potion of berserk rage
Comestibles
 c - a ration


   Skills:
 + Level 12.4 Fighting
 + Level 13.2 Axes
 + Level 6.5 Armour
 + Level 6.7 Dodging


You had 6 spell levels left.
You didn't know any spells.

Dungeon Overview and Level Annotations

Branches:
Dungeon (1/1)

Altars:


Innate Abilities, Weirdness & Mutations

You reflexively headbutt those who attack you in melee.
You have a pair of horns on your head.
You tend to lose your temper in combat.


Message History

The hippogriff bites you! The hippogriff pecks you.
The hippogriff barely misses you.
You hit the hippogriff. Your headbutt misses the hippogriff.
The hippogriff is severely wounded.
The hippogriff bites you!
* * * LOW HITPOINT WARNING * * *
The hippogriff closely misses you. The hippogriff barely misses you.
Unknown command.
You hit the hippogriff.
The hippogriff is severely wounded.
The hippogriff bites you!
* * * LOW HITPOINT WARNING * * *
The hippogriff pecks you!
* * * LOW HITPOINT WARNING * * *
The hippogriff completely misses you.
Unknown command.
You hit the hippogriff but do no damage.
The hippogriff is severely wounded.
The hippogriff closely misses you. The hippogriff pecks you.
You die...

## ## .# #.
## H#. #
#.###H# .##
#.##@##w..#
#.'.<.+#
#..##.##w..#
#.###†# .##
## #.#.# #
#.. ..# ##.
.## ## ##


You could see 2 hippogriffs.

Vanquished Creatures
  4 neqoxecs (D)
  4 necrophages (D)
8 creatures vanquished.

Vanquished Creatures (others)
  Menkaure (D)
  A crocodile (D)
2 creatures vanquished.

Grand Total: 10 creatures vanquished

Notes
Turn   | Place    | Note
-------+----------+-------------------------------------------
     0 | D        | Fang the Minotaur Berserker began the quest for the Orb.
     0 | D        | Reached XP level 1. HP: 19/19 MP: 0/0
     1 | D        | Noticed a necrophage
     1 | D        | Noticed a necrophage
     1 | D        | Noticed a necrophage
     1 | D        | Noticed a necrophage
     6 | D        | Killed a necrophage
     6 | D        | Reached skill level 7 in Axes
     6 | D        | Reached XP level 2. HP: 33/33 MP: 1/1
     6 | D        | Reached XP level 3. HP: 38/38 MP: 2/2
     6 | D        | Reached XP level 4. HP: 46/46 MP: 3/3
     9 | D        | Killed a necrophage
     9 | D        | Reached skill level 9 in Axes
     9 | D        | Reached XP level 5. HP: 55/55 MP: 4/4
    14 | D        | Killed a necrophage
    14 | D        | Reached ** piety under Trog
    14 | D        | Reached skill level 10 in Axes
    14 | D        | Reached skill level 5 in Armour
    14 | D        | Reached skill level 5 in Dodging
    16 | D        | Killed a necrophage
    16 | D        | Reached skill level 10 in Fighting
    16 | D        | Reached XP level 6. HP: 65/65 MP: 5/5
    26 | D        | Killed Menkaure
    59 | D        | Noticed a hippogriff
    59 | D        | Noticed a hippogriff
    63 | D        | Noticed a tyrant leech
    63 | D        | Noticed a tyrant leech
    67 | D        | Noticed a neqoxec
    67 | D        | Noticed a neqoxec
    67 | D        | Noticed a neqoxec
    67 | D        | Noticed a neqoxec
    71 | D        | Killed a neqoxec
    71 | D        | Reached skill level 11 in Axes
    71 | D        | Gained mutation: You tend to lose your temper in combat. [a neqoxec]
    75 | D        | Killed a neqoxec
    75 | D        | Reached *** piety under Trog
    75 | D        | Reached skill level 12 in Axes
    75 | D        | Reached XP level 7. HP: 72/72 MP: 6/6
    79 | D        | Killed a neqoxec
    81 | D        | Killed a neqoxec
    81 | D        | Reached skill level 13 in Axes
    95 | D        | HP: 1/76 [hippogriff (7)]
    96 | D        | Slain by a hippogriff

Skill      XL: |  1  2  3  4  5  6  7 |
---------------+----------------------+-----
Fighting       | 7 8 10 11 12 | 12.4
Axes           | 7 9 10 12 13 | 13.2
Armour         | 3 4 5 6 |  6.5
Dodging        | 3 4 5 6 |  6.7

Action                   |  1- 3 |  4- 6 |  7- 9 || total
-------------------------+-------+-------+-------++-------
Melee: Hand axe          |     3 |    17 |    13 ||    33
       Headbutt          |     1 |     3 |     2 ||     6
Invok: Berserk           |     1 |     1 |       ||     2
Armor: Animal skin       |       |     1 |     3 ||     4
Dodge: Dodged            |     1 |     3 |    11 ||    15
